AoeStats
← [La14]Uvita

Arabia

507841309Analyzed
3v3 RM · 13d ago on Sep 19, 2026· 41m 15s· 6 players
Game mode
Random Map
Map size
Normal (6 player)
Population
200
Speed
Normal
Resources
Standard
Victory
Conquest
Starting age
Dark Age
Ending age
Imperial Age
RankedLock teamsTeams togetherTeam positionsShared explorationLock speedFull tech treeHidden civsTurbo modeCheats
Victory
Defeat
🇺🇸 Wei · United States
1171
+16
🇺🇸 Vietnamese · United States
1171
+16
🇸🇪 Koreans · Sweden
1157
+17
🇦🇷 Vietnamese · Argentina
1238
-19
🇦🇷 Magyars · Argentina
1198
-44
🇦🇷 Aztecs · Argentina
1100
-13
Solaire (Praise the Sun)
6:44 Loom
7:11 Loom
10:42 Feudal Age
11:18 Double-Bit Axe
12:42 Fletching
24:00 Castle Age
22:47 Padded Archer Armor
22:40 Gold Mining
22:50 Horse Collar
25:04 Wheelbarrow
24:03 Crossbowman
26:05 Bodkin Arrow
29:55 Thumb Ring
30:51 Ballistics
32:11 Wheelbarrow
33:08 Leather Archer Armor
40:01 Imperial Age
37:48 Hand Cart
38:02 Town Watch
40:16 Arbalester
42:13 Chemistry
41:20 Bracer
41:51 Ring Archer Armor
FullmetalZimm
7:07 Loom
9:28 Feudal Age
10:06 Horse Collar
10:13 Double-Bit Axe
16:11 Wheelbarrow
23:20 Castle Age
21:41 Bloodlines
21:38 Scale Barding Armor
21:53 Gold Mining
23:21 Stone Mining
24:08 Forging
24:22 Chain Barding Armor
24:12 Forging
24:59 Husbandry
25:45 Bow Saw
28:42 Heavy Plow
33:54 Tuntian
34:44 Iron Casting
34:03 Fletching
40:44 Imperial Age
38:51 Hand Cart
38:22 Town Watch
40:59 Elite Tiger Cavalry
42:09 Conscription
mxptlic
7:33 Loom
10:40 Feudal Age
11:45 Double-Bit Axe
12:26 Town Watch
14:19 Fletching
25:38 Castle Age
25:57 Crossbowman
26:33 Bodkin Arrow
29:03 Bow Saw
37:53 Elite Skirmisher
39:32 Horse Collar
40:49 Wheelbarrow
[La14]FerMar
5:24 Loom
10:21 Feudal Age
11:08 Double-Bit Axe
13:29 Horse Collar
16:43 Scale Barding Armor
23:07 Castle Age
22:08 Bloodlines
22:49 Gold Mining
24:12 Chain Barding Armor
23:54 Husbandry
29:32 Bow Saw
31:31 Fletching
34:49 Wheelbarrow
37:55 Heavy Plow
41:15 Bodkin Arrow
[La14]Uvita
6:25 Loom
6:47 Loom
10:29 Feudal Age
11:15 Double-Bit Axe
27:18 Wheelbarrow
31:00 Fletching
31:47 Horse Collar
39:49 Gold Mining
40:00 Stone Mining
[La14] Monarca Yupanqui
7:15 Loom
9:57 Feudal Age
10:36 Double-Bit Axe
12:21 Town Watch
14:37 Fletching
16:45 Padded Archer Armor
17:25 Wheelbarrow
25:23 Castle Age
23:42 Stone Mining
23:42 Gold Mining
26:02 Bodkin Arrow
25:28 Crossbowman
26:29 Bow Saw
27:12 Horse Collar
27:53 Leather Archer Armor
28:26 Thumb Ring
30:00 Heavy Plow
32:51 Hand Cart
33:08 Gold Mining
43:56 Imperial Age
Connection lost

Rejoining the realm…

Still unreachable

The connection could not be restored.

Session expired

The server has moved on; the page needs a fresh start.